 Dungeon Crawl Stone Soup version 0.19.0 (webtiles) character file.

53255 lorenzova the Unseen (level 14, -5/67 HPs)
             Began as a Spriggan Enchanter on Nov 1, 2016.
             Was the Champion of Dithmenos.
             Killed from afar by a catoblepas (7 damage)
             ... with a blast of calcifying dust
             ... on level 6 of the Lair of Beasts.
             The game lasted 01:06:09 (25617 turns).

lorenzova the Unseen (Spriggan Enchanter)          Turns: 25617, Time: 01:06:09

Health: -5/67      AC:  9    Str:  4    XL:     14   Next: 30%
Magic:  28/28      EV: 31    Int: 21    God:    Dithmenos [******]
Gold:   1059       SH:  0    Dex: 24    Spells: 3 memorised, 25 levels left

rFire  . . .     SeeInvis +     E - +2 dagger (speed)
rCold  . . .     Gourm    .     O - +0 mottled dragon scales
rNeg   . . .     Faith    .     (shield restricted)
rPois  +         Spirit   .     N - +1 hat {Int+3}
rElec  .         Reflect  .     y - +1 cloak
rCorr  .         Harm     .     (gloves unavailable)
MR     ++...     Rnd*Rage +     (boots unavailable)
Stlth  ++++++++++               h - amulet of magic regeneration
                                f - +4 ring of dexterity
                                s - ring of poison resistance

@: wreathed by umbra, very quick
A: unfitting armour, see invisible, berserk 1, herbivore 3, speed 3, slow
metabolism 2, MP-powered wands
a: Shadow Step, Shadow Form, Renounce Religion


You were on level 6 of the Lair of Beasts.
You worshipped Dithmenos.
Dithmenos was exalted by your worship.
You were hungry.

You visited 3 branches of the dungeon, and saw 20 of its levels.
You also visited: Labyrinth and Sewer.

You collected 1089 gold pieces.
You spent 30 gold pieces at shops.

Inventory:

Hand Weapons
 r - a +6 dagger
 E - a +2 dagger of speed (weapon)
Armour
 y - a +1 cloak (worn)
 N - a +1 hat of intelligence (worn)
 O - +0 mottled dragon scales (worn)
Jewellery
 f - a +4 ring of dexterity (right hand)
 h - an amulet of magic regeneration (around neck)
 s - a ring of poison resistance (left hand)
 B - a +4 ring of strength
 D - an uncursed ring of ice
 M - an uncursed ring of fire
Wands
 j - a wand of disintegration (10/24)
 A - a wand of disintegration (9/24)
 I - a wand of digging (16/24)
Scrolls
 a - 2 scrolls of enchant weapon
 c - 2 scrolls of fear
 e - 9 scrolls of remove curse
 g - 2 scrolls of amnesia
 i - 4 scrolls of magic mapping
 l - 7 scrolls of enchant armour
 m - 9 scrolls of teleportation
 t - a scroll of noise
 v - 6 scrolls of recharging
 x - 3 scrolls of blinking
 H - a scroll of torment
 P - 4 scrolls of fog
 S - 8 scrolls of identify
Potions
 k - 2 potions of berserk rage
 n - 3 potions of might
 o - 4 potions of lignification
 p - 8 potions of curing
 q - a potion of ambrosia
 u - 7 potions of heal wounds
 w - 3 potions of flight
 z - a potion of resistance
 C - a potion of agility
 G - 2 potions of invisibility
 T - a potion of haste
Comestibles
 b - a slice of pizza
 d - 17 bread rations


   Skills:
 - Level 4.3 Fighting
 * Level 10.2 Short Blades
 + Level 17.6 Dodging
 + Level 20.7 Stealth
 - Level 9.0 Spellcasting
 - Level 9.3 Hexes
 - Level 5.8 Ice Magic


You had 25 spell levels left.
You knew the following spells:

 Your Spells              Type           Power        Failure   Level  Hunger
a - Corona                Hex            #####..      1%          1    None
b - Ensorcelled Hibernat  Hex/Ice        #####.       1%          2    None
c - Confuse               Hex            #####...     1%          3    None


Dungeon Overview and Level Annotations

Branches:
Dungeon (13/15)            Temple (1/1) D:4            Lair (6/6) D:9
  Swamp (0/4) Lair:4       Spider (0/4) Lair:2        Slime (0/5) Lair:5
    Orc (0/2) D:11
 Vaults: D:13-14

Altars:
Ashenzari
Cheibriados
Dithmenos
Elyvilon
Fedhas
Gozag
Hepliaklqana
Kikubaaqudgha
Makhleb
Nemelex Xobeh
Okawaru
Qazlal
Ru
Sif Muna
Trog
Uskayaw
Vehumet
Xom
Yredelemnul
The Shining One
Jiyva

Shops:
D:7 !

Annotations:
D:8 Gekot's ghost, novice DEFE
D:13 2 runed doors


Innate Abilities, Weirdness & Mutations

You are very small and have problems with some larger weapons.
You are too small for most types of armour.
You have supernaturally acute eyesight. (SInv)
You are a herbivore.
You cover ground extremely quickly.
You need consume almost no food.
You tend to lose your temper in combat.
You expend magic power (3 MP) to strengthen your wands.


Message History

You are engulfed in calcifying dust.
You are engulfed in calcifying dust.
The catoblepas gores you!
You are engulfed in calcifying dust.
The catoblepas gores you!
You are engulfed in calcifying dust.
The catoblepas gores you!!
You are engulfed in calcifying dust.
The catoblepas gores you but does no damage.
The hippogriff bites you! The hippogriff pecks you.
The hippogriff claws you but does no damage.
The catoblepas gores you!!
* * * LOW HITPOINT WARNING * * *
The hippogriff bites you.
* * * LOW HITPOINT WARNING * * *
The hippogriff barely misses you.
The hippogriff claws you but does no damage.
The catoblepas gores you!!
* * * LOW HITPOINT WARNING * * *
You turn to flesh and can move again.
The catoblepas breathes a plume of calcifying dust at you.
The blast of calcifying dust hits you!
You die...

#.............##.....##.##
P.....#.P.P..##..#....#..#
..........##.#...##.###..##
.....#P.............# #.P.#
....#.P.<.#..P##.P..# #.P.#
♣)....P...##..####### #...#
♣♣♣..#....##.#.# #####.P##
♣♣......#....####PP....#
♣.........Y§§@.......##
♣♣....P...H.##..###...#
♣......P.#.#.#### #####
♣........########
.♣♣♣.....# ♣......#
♣..P...# ♣.....## ....P##


You could see a hippogriff.

Vanquished Creatures
  Snorg (D:13)
  A minotaur (Lab)
  2 vault guards (D:13)
  7 hydras
  2 centaur warriors
  An ogre mage (D:13)
  The ghost of Shufflesack the Destroyer, a journeyman DECj of Vehumet (D:12)
  2 unseen horrors (D:12)
  A wizard (D:13)
  4 hill giants
  A lindwurm (Lair:5)
  A cyclops (D:11)
  A salamander (shapeshifter) (D:13)
  15 elephants
  Psyche (D:9)
  3 black mambas
  8 spiny frogs
  3 gargoyles
  5 rime drakes
  4 komodo dragons
  A jumping spider (Lair:2)
  A wind drake (shapeshifter) (D:13)
  22 blink frogs
  A two-headed ogre (D:9)
  3 polar bears (Lair:1)
  3 redbacks (Lair:2)
  8 hippogriffs
  Sigmund (D:4)
  3 basilisks
  A vampire (D:12)
  40 yaks
  2 wyverns
  4 hungry ghosts
  4 vampire mosquitoes (Lair:4)
  Grum (D:10)
  A mottled dragon (D:13)
  12 water moccasins
  3 porcupines
  Purgy (Sewer)
  12 orc warriors
  An ice beast (D:10)
  3 phantoms
  4 sky beasts
  3 wolves
  9 ogres
  2 black bears
  11 centaurs
  2 big kobolds
  9 crocodiles
  15 bullfrogs
  A wyvern zombie (D:7)
  A scorpion (D:10)
  2 wyvern skeletons
  19 killer bees
  7 howler monkeys
  7 electric eels
  12 wights
  2 bullfrog zombies
  6 crimson imps
  2 quasits
  4 hounds
  7 orc priests
  5 jellies
  10 orc wizards
  A bullfrog skeleton (D:8)
  3 centaur skeletons
  Jessica (D:3)
  3 iguanas
  15 worker ants
  7 hell rats
  2 hound zombies
  A worker ant zombie (D:5)
  A howler monkey skeleton (D:4)
  2 river rats (D:6)
  13 adders
  6 shadow imps
  2 oozes
  2 adder skeletons
  A worm (D:3)
  2 dart slugs
  4 leopard geckos
  55 orcs
  5 ball pythons
  4 giant cockroaches
  5 goblins
  9 hobgoblins
  3 jackals (D:9)
  11 quokkas
  7 bats
  9 frilled lizards
  A giant cockroach zombie (D:4)
  20 kobolds
  2 leopard gecko skeletons
  A quokka skeleton (D:8)
  5 rats
535 creatures vanquished.

Vanquished Creatures (others)
  An adder (D:11)
  5 fungi (Lair:6)
  16 plants
22 creatures vanquished.

Grand Total: 557 creatures vanquished

Notes
Turn   | Place    | Note
-------+----------+-------------------------------------------
     0 | D:1      | lorenzova the Spriggan Enchanter began the quest for the Orb.
     0 | D:1      | Reached XP level 1. HP: 9/9 MP: 5/5
   179 | D:1      | Reached XP level 2. HP: 8/13 MP: 7/7
   183 | D:1      | Learned a level 2 spell: Ensorcelled Hibernation
   266 | D:1      | Reached skill level 5 in Stealth
   831 | D:1      | Reached XP level 3. HP: 10/16 MP: 8/8
  2050 | D:1      | Learned a level 3 spell: Confuse
  2109 | D:2      | Found a shattered altar of Ashenzari.
  2190 | D:2      | Reached skill level 6 in Stealth
  2190 | D:2      | Reached XP level 4. HP: 19/21 MP: 10/10
  2684 | D:3      | Noticed Jessica
  2686 | D:3      | Killed Jessica
  2941 | D:3      | Reached XP level 5. HP: 13/24 MP: 1/12
  2960 | D:3      | Gained mutation: You tend to lose your temper in combat. [potion of mutation]
  2960 | D:3      | Gained mutation: You expend magic power (3 MP) to strengthen your wands. [potion of mutation]
  3482 | D:3      | Reached skill level 5 in Hexes
  3585 | D:3      | Found a hazy altar of Hepliaklqana.
  3737 | D:4      | Reached skill level 7 in Stealth
  3771 | D:4      | Found a burning altar of Makhleb.
  3778 | D:4      | Found a staircase to the Ecumenical Temple.
  3787 | Temple   | Entered the Ecumenical Temple
  3819 | Temple   | Became a worshipper of Dithmenos the Shadowed
  3858 | D:4      | Noticed Sigmund
  3873 | D:4      | Killed Sigmund
  3873 | D:4      | Reached skill level 5 in Spellcasting
  3873 | D:4      | Reached XP level 6. HP: 25/28 MP: 12/15
  3948 | D:4      | Reached skill level 8 in Stealth
  4670 | D:5      | Entered Level 5 of the Dungeon
  4697 | D:5      | HP: 1/28 [ogre/giant club (10)]
  5011 | D:5      | Reached XP level 7. HP: 32/32 MP: 11/16
  5079 | D:5      | Got a colourful robe
  5090 | D:5      | Identified the cursed +1 robe "Beewni Paot" {rC+ Str+2} (You found it on level 5 of the Dungeon)
  5419 | D:5      | Reached skill level 9 in Stealth
  5860 | D:5      | Found a sparkling altar of Nemelex Xobeh.
  5860 | D:5      | Found an ancient bone altar of Kikubaaqudgha.
  5862 | D:5      | Found a hide-covered altar of Uskayaw.
  5871 | D:5      | Found a snail-covered altar of Cheibriados.
  6251 | D:6      | Reached XP level 8. HP: 36/36 MP: 12/19
  6306 | D:6      | Found a glowing drain.
  6408 | Sewer    | Entered a sewer
  6504 | Sewer    | Noticed Purgy
  6513 | Sewer    | Killed Purgy
  6651 | D:6      | Reached skill level 10 in Stealth
  7211 | D:6      | Reached * piety under Dithmenos
  7592 | D:7      | Reached skill level 11 in Stealth
  8015 | D:7      | Reached XP level 9. HP: 39/39 MP: 20/22
  8064 | D:7      | Found Ucoxon's Distillery.
  8076 | D:7      | Bought 2 potions of degeneration for 30 gold pieces
  8077 | D:7      | Found a deep blue altar of Sif Muna.
  8706 | D:8      | Noticed Gekot's ghost (novice DEFE)
  9140 | D:8      | Reached ** piety under Dithmenos
  9150 | D:8      | Reached skill level 12 in Stealth
  9378 | D:8      | Reached skill level 1 in Ice Magic
  9436 | D:8      | Reached skill level 5 in Dodging
 10172 | D:9      | Found a staircase to the Lair.
 10177 | D:9      | Noticed Psyche
 10495 | D:9      | Killed Psyche
 10495 | D:9      | Reached skill level 13 in Stealth
 10733 | D:9      | Reached XP level 10. HP: 44/44 MP: 15/24
 11072 | D:9      | Reached *** piety under Dithmenos
 11181 | D:9      | Reached skill level 14 in Stealth
 11461 | D:9      | Reached skill level 10 in Dodging
 11688 | D:9      | Found a viscous altar of Jiyva.
 11851 | D:9      | Found a stormy altar of Qazlal.
 12144 | D:10     | Entered Level 10 of the Dungeon
 12251 | D:10     | Noticed a hill giant
 12255 | D:10     | Noticed Grum
 12265 | D:10     | Reached skill level 15 in Stealth
 12279 | D:10     | Killed Grum
 12441 | D:10     | Killed a hill giant
 12453 | D:10     | Reached **** piety under Dithmenos
 12609 | D:10     | Reached XP level 11. HP: 47/47 MP: 19/25
 12677 | D:10     | Noticed a hill giant
 12691 | D:10     | Killed a hill giant
 12907 | D:10     | Got a fine quarterstaff
 13254 | D:10     | Identified the cursed +1 quarterstaff "Radghu" {antimagic, +Rage rC++ rN+ Dex-5} (You found it on level 10 of the Dungeon)
 14002 | D:10     | Reached skill level 16 in Stealth
 14919 | D:11     | Noticed a centaur warrior
 15181 | D:11     | Reached ***** piety under Dithmenos
 15241 | D:11     | Killed a centaur warrior
 15465 | D:11     | Reached skill level 5 in Ice Magic
 15650 | D:11     | Noticed a hill giant
 15815 | D:11     | Found a staircase to the Orcish Mines.
 16003 | D:11     | Killed a hill giant
 16003 | D:11     | Reached skill level 17 in Stealth
 16623 | D:12     | Noticed an unseen horror
 16631 | D:12     | Killed an unseen horror
 16631 | D:12     | Reached XP level 12. HP: 51/51 MP: 26/26
 16678 | D:12     | Noticed Shufflesack's ghost (journeyman DECj)
 16691 | D:12     | Killed Shufflesack's ghost
 17624 | D:12     | Identified a scroll of acquirement
 17627 | D:12     | Got an iridescent eveningstar
 17628 | D:12     | Identified the +6 eveningstar of Wyrd {crush, rF+ rC+ rN+ Str-5} (You acquired it on level 12 of the Dungeon)
 17848 | D:13     | Reached skill level 18 in Stealth
 17879 | D:13     | Noticed a fire dragon
 17883 | D:13     | Found a runed door.
 17883 | D:13     | Found a runed door.
 17883 | D:13     | Noticed a fire dragon
 17883 | D:13     | Noticed an ice dragon
 17890 | D:13     | Noticed an ice dragon
 17997 | D:13     | Noticed Snorg
 18004 | D:13     | Killed Snorg
 18004 | D:13     | Reached skill level 1 in Fighting
 18087 | D:13     | Noticed a centaur warrior
 18104 | D:13     | Killed a centaur warrior
 18328 | D:13     | Noticed a vault guard
 18331 | D:13     | Killed a vault guard
 18340 | D:13     | Reached skill level 15 in Dodging
 18346 | D:13     | Noticed a vault guard
 18348 | D:13     | Noticed an ogre mage
 18370 | D:13     | Killed a vault guard
 18401 | D:13     | Killed an ogre mage
 18414 | D:13     | Noticed a vault guard
 18724 | Lair:1   | Entered Level 1 of the Lair of Beasts
 18774 | Lair:1   | Found a labyrinth entrance.
 18785 | Lair:1   | Noticed a four-headed hydra
 18786 | Lair:1   | Noticed an eight-headed hydra
 18805 | Lab      | Entered a labyrinth
 19262 | Lab      | Noticed a minotaur
 19275 | Lab      | Killed a minotaur
 19275 | Lab      | Reached skill level 5 in Short Blades
 19284 | Lab      | Got a glittering glass ring
 19296 | Lab      | Identified the ring of Roczikk {Fire rPois MR+ Str-4} (You found it in a labyrinth)
 19342 | Lair:1   | Killed a four-headed hydra
 19363 | Lair:1   | Killed an eight-headed hydra
 19363 | Lair:1   | Reached XP level 13. HP: 61/61 MP: 21/27
 19579 | Lair:1   | Reached skill level 19 in Stealth
 20165 | Lair:1   | Got pitted shadow dragon scales
 20305 | Lair:1   | Identified the cursed +1 shadow dragon scales of Courage {*Slow Str+4 Int+2 Dex+3 Stlth++++} (You found it on level 1 of the Lair of Beasts)
 20523 | Lair:2   | Found a hole to the Spider Nest.
 22655 | Lair:4   | Found a staircase to the Swamp.
 22763 | Lair:4   | Reached ****** piety under Dithmenos
 22977 | Lair:4   | Found a hazy altar of Hepliaklqana.
 23632 | Lair:5   | Reached skill level 20 in Stealth
 24222 | Lair:5   | Found a viscous altar of Jiyva.
 24223 | Lair:5   | Found a staircase to the Slime Pits.
 24386 | Lair:6   | Entered Level 6 of the Lair of Beasts
 24542 | Lair:6   | Reached XP level 14. HP: 67/67 MP: 28/28
 25223 | Lair:6   | Reached skill level 10 in Short Blades
 25613 | Lair:6   | HP: 2/67 [catoblepas (10)]
 25617 | Lair:6   | Killed from afar by a catoblepas

Skill      XL: |  1  2  3  4  5  6  7  8  9 10 11 12 13 14 |
---------------+-------------------------------------------+-----
Spellcasting   | 3 4 5 6 8 9 |  9.0
Stealth        | 5 6 7 8 9 11 13 15 17 18 20 | 20.7
Hexes          | 4 5 6 7 8 9 |  9.3
Dodging        | 7 11 13 15 17 | 17.6
Ice Magic      | 2 3 5 |  5.8
Fighting       | 3 4 |  4.3
Short Blades   | 5 8 10 | 10.2

Action                   |  1- 3 |  4- 6 |  7- 9 | 10-12 | 13-15 || total
-------------------------+-------+-------+-------+-------+-------++-------
Melee: Dagger            |   142 |   108 |   349 |   603 |   288 ||  1490
 Cast: Ensorcelled Hiber |    13 |    34 |    45 |   136 |    91 ||   319
       Confuse           |       |    13 |    73 |   127 |    37 ||   250
Evoke: Wand              |       |       |       |     1 |       ||     1
  Use: Potion            |       |     4 |       |     5 |       ||     9
       Scroll            |       |       |       |    27 |     8 ||    35
 Stab: Sleeping          |    16 |    26 |    56 |   120 |   112 ||   330
       Distracted        |     1 |       |     1 |     1 |     2 ||     5
       Confused          |       |     4 |    32 |    67 |    12 ||   115
       Petrified         |       |       |       |       |     2 ||     2
  Eat: Royal jelly       |       |     2 |     1 |     1 |       ||     4
       Bread ration      |       |       |     1 |     1 |     1 ||     3
Armor: Robe              |    16 |     9 |    30 |    23 |       ||    78
       Mottled dragon sc |       |       |       |       |    17 ||    17
Dodge: Dodged            |   125 |    70 |   210 |   460 |   191 ||  1056
